 Dungeon Sprint DCSS version 0.28.0-53-g5a82cb258f (webtiles) character file.

Game seed: 15355310922042959388

85 Descartes the Basher (level 4, -8/37 (39) HPs)
             Began as a Formicid Fighter on May 29, 2022.
             Was an Initiate of Jiyva.
             Mangled by a +1 long sword of draining (13 damage)
             ... in the Dungeon (Sprint V: "Ziggurat Sprint").
             The game lasted 00:02:17 (91 turns).

Descartes the Basher (Formicid Fighter)               Turns: 91, Time: 00:02:17

HP:   -8/37 (39)    AC: 27    Str: 29    XL:     4   Next: 75%
MP:   4/4           EV:  1    Int:  7    God:    Jiyva [......]
Gold: 0             SH: 28    Dex: 16    Spells: 3/3 levels left

rFire   + + .      SeeInvis +   w - +7 great mace "Firestarter" {inner flame, rF++}
rCold   . . .      Faith    .   C - +18 shield of the Gong {rElec rN+ Will+ EV-5}
rNeg    + . .      Spirit   .   B - +15 Maxwell's patent armour {-Cast -Tele rElec Will+ rCorr}
rPois   .          Reflect  .   (helmet unavailable)
rElec   +          Harm     .   (no cloak)
rCorr   +          Rampage  .   (no gloves)
Will    ++...      NoCast   +   (no boots)
Stlth   ..........              (no amulet)
HPRegen 0.12/turn               t - +6 ring of strength
MPRegen 0.09/turn               p - +6 ring of dexterity

@: drained
A: permanent stasis, dig shafts and tunnels, antennae 3, four strong arms
a: Dig, Renounce Religion


You were in the Dungeon.
You worshipped Jiyva.
Jiyva was noncommittal.
You visited 1 branch

Inventory:

Hand Weapons
 w - the +7 great mace "Firestarter" (weapon) {inner flame, rF++}
   (You found it in the Dungeon)

   It burns those it strikes, dealing additional fire damage.
   It fills those it strikes with an explosive inner flame.
   It grants immunity to clouds of flame.
   rF:        It greatly protects you from fire.
 x - the +8 lance "Wyrmbane" {slay drac, rPois rF+ rC+ AC+3}
   (You found it in the Dungeon)

   It inflicts extra damage against dragons and draconians.
   AC:        It affects your AC (+3).
   rF:        It protects you from fire.
   rC:        It protects you from cold.
   rPois:     It protects you from poison.
 y - the +7 mace of Variability {chain chaos}
   (You found it in the Dungeon)

   Each time it hits an enemy it has a different, random effect.
   It occasionally unleashes arcs of chaos on nearby creatures upon striking a
   foe.
 z - the +6 shillelagh "Devastator" {shatter}
   (You found it in the Dungeon)

   It releases a powerful concussive burst when it strikes, dealing extra damage
   to the target and all other foes adjacent to them.
 A - the +10 dark maul {vorpal}
   (You found it in the Dungeon)

   It inflicts extra damage upon your enemies.
Armour
 B - the +15 Maxwell's patent armour (worn) {-Cast -Tele rElec Will+ rCorr}
   (You found it in the Dungeon)

   rElec:     It insulates you from electricity.
   -Cast:     It prevents spellcasting.
   -Tele:     It prevents most forms of teleportation.
   rCorr:     It protects you from acid and corrosion.
   Will:      It increases your willpower.
 C - the +18 shield of the Gong (worn) {rElec rN+ Will+ EV-5}
   (You found it in the Dungeon)

   It is deafeningly noisy when blocking attacks.
   EV:        It affects your evasion (-5).
   rElec:     It insulates you from electricity.
   rN:        It protects you from negative energy.
   Will:      It increases your willpower.
Jewellery
 o - a ring of flight
 p - a +6 ring of dexterity (right hand)
 q - a +6 ring of dexterity
 r - a +6 ring of intelligence
 s - a +6 ring of intelligence
 t - a +6 ring of strength (left hand)
 u - a +6 ring of strength
Wands
 l - a wand of mindburst (7)
 m - a wand of iceblast (7)
 n - a wand of acid (7)
Scrolls
 D - 4 scrolls of amnesia
 E - 7 scrolls of fog
 F - a scroll of holy word
 G - 5 scrolls of identify
 H - 2 scrolls of fear
Potions
 d - 6 potions of might
 e - 10 potions of curing
 f - 9 potions of heal wounds
 g - 7 potions of magic
 h - 2 potions of brilliance
 i - 2 potions of invisibility
 j - 4 potions of resistance
Miscellaneous
 v - a lightning rod (4/4)


   Skills:
 + Level 5.0 Fighting
 + Level 8.1 Maces & Flails
 + Level 4.9 Armour
 + Level 5.6 Shields


You had 3 spell levels left.
You didn't know any spells.
Your spell library was empty.

Dungeon Overview and Level Annotations

Branches:
Dungeon (1/1)

Altars:
Ashenzari
Cheibriados
Dithmenos
Elyvilon
Fedhas
Gozag
Hepliaklqana
Kikubaaqudgha
Makhleb
Nemelex Xobeh
Okawaru
Qazlal
Ru
Sif Muna
Trog
Uskayaw
Vehumet
Wu Jian
Xom
Yredelemnul
Zin
The Shining One
Beogh
Jiyva
Lugonu

Annotations:
D 1 transporter


Innate Abilities, Weirdness & Mutations

You cannot be hasted, slowed, berserked, paralysed or teleported.
You can dig through walls and to a lower floor.
You have a pair of large antennae on your head. (SInv)
Your four strong arms can wield two-handed weapons with a shield.


Message History

You block the +1 long sword of draining's attack.
GONNNNG!
You block the +3 hand axe of freezing's attack.
PTOANNNG!
The +1 long sword of draining hits you but does no damage.
You partially resist.
You block the +3 hand axe of freezing's attack.
PANG!
You feel much better. The +1 long sword of draining hits you.
You partially resist.
You feel drained.
You block the +3 hand axe of freezing's attack.
BOUMMMMG!
The deep elf zephyrmancer gestures wildly while chanting.
The deep elf zephyrmancer blinks!
You block the +1 long sword of draining's attack.
PANG!
You closely miss the +3 hand axe of freezing.
The +3 hand axe of freezing hits you!
* * * LOW HITPOINT WARNING * * *
The +3 hand axe of freezing freezes you.
* * * LOW HITPOINT WARNING * * *
You block the +1 long sword of draining's attack.
BONNNG!
You block the +3 hand axe of freezing's attack.
BOUMMMMG!
The +1 long sword of draining hits you but does no damage.
You partially resist.
You block the +3 hand axe of freezing's attack.
GONNNNG!
You closely miss the +1 long sword of draining.
The +1 long sword of draining hits you but does no damage.
You partially resist.
The +3 hand axe of freezing hits you but does no damage.
You block the +1 long sword of draining's attack.
PANG!
You block the +3 hand axe of freezing's attack.
PANG!
You closely miss the +1 long sword of draining.
The +1 long sword of draining hits you!
You die...

▓▓▓▓▓▓▓▓▓▓▓▓▓
▓.8©8.▓.8©8.▓
{{
▓.=)|.▓.....▓
{
▓.....▓.[.).▓
▓.....▓.....▓
▓..e..▓.....▓
▓..((.▓..©..▓
▓..@..▓▓▓▓▓▓▓
▓▓▓▓▓▓▓ { {{
{ { { {


You could see a deep elf zephyrmancer and 2 dancing weapons.

Vanquished Creatures
  A phantom (D)
  A bat zombie (D)
2 creatures vanquished.

Vanquished Creatures (others)
  An azure jelly (D)
  A bat simulacrum (D)
2 creatures vanquished.

Grand Total: 4 creatures vanquished

Notes
Turn   | Place    | Note
-------+----------+-------------------------------------------
     0 | D        | Descartes the Formicid Fighter began the quest for the Orb.
     0 | D        | Reached XP level 1. HP: 18/18 MP: 1/1
     1 | D        | Found a blossoming altar of Fedhas.
     1 | D        | Found the +6 Majin-Bo {vamp, MP+6 Int+6}
     1 | D        | Found the +9 heavy crossbow "Sniper" {vorpal, Acc+∞ SInv}
     1 | D        | Found the +10 dark maul {vorpal}
     1 | D        | Found the +15 Maxwell's patent armour {-Cast -Tele rElec
                  | Will+ rCorr}
     1 | D        | Found the +18 shield of the Gong {rElec rN+ Will+ EV-5}
     1 | D        | Found the +14 obsidian axe {vorpal, Mesm Drain Fly SInv}
     1 | D        | Found the +7 great mace "Firestarter" {inner flame, rF++}
     1 | D        | Found the +6 shillelagh "Devastator" {shatter}
     1 | D        | Found the +11 plutonium sword {Contam Stlth-}
     1 | D        | Found the +8 lance "Wyrmbane" {slay drac, rPois rF+ rC+
                  | AC+3}
     1 | D        | Found the +9 sword of Zonguldrok {reap}
     1 | D        | Found the +13 scythe of Curses {drain, Drain}
     1 | D        | Found the +5 sword of Power {vorpal}
     1 | D        | Found the +7 mace of Variability {chain chaos}
     1 | D        | Found the +7 Singing Sword {vorpal, sonic wave}
     1 | D        | Found the +8 storm bow {elec, penet}
     2 | D        | Found a shimmering blue altar of Sif Muna.
     2 | D        | Found a sacrificial altar of Ru.
     2 | D        | Found a bloodstained altar of Trog.
     2 | D        | Found a stormy altar of Qazlal.
     2 | D        | Found an iron altar of Okawaru.
     2 | D        | Found a sparkling altar of Nemelex Xobeh.
     8 | D        | Found a corrupted altar of Lugonu.
     8 | D        | Found an ancient bone altar of Kikubaaqudgha.
     8 | D        | Found a burning altar of Makhleb.
     8 | D        | Found a transporter.
     8 | D        | Found a viscous altar of Jiyva.
     8 | D        | Found a hazy altar of Hepliaklqana.
    21 | D        | Found an opulent altar of Gozag.
    56 | D        | Reached skill level 7 in Maces & Flails
    56 | D        | Reached XP level 2. HP: 24/24 MP: 2/2
    70 | D        | Became a worshipper of Jiyva Jurruno the Shapeless
    73 | D        | Entered arena 2.
    73 | D        | Noticed a phantom
    73 | D        | Found a transporter.
    75 | D        | Killed an azure jelly
    78 | D        | Killed a phantom
    79 | D        | Reached skill level 5 in Fighting
    79 | D        | Reached skill level 8 in Maces & Flails
    79 | D        | Reached skill level 5 in Shields
    79 | D        | Reached XP level 3. HP: 27/33 MP: 3/3
    79 | D        | Reached XP level 4. HP: 32/39 MP: 4/4
    84 | D        | Entered arena 3.
    84 | D        | Noticed a deep elf zephyrmancer
    84 | D        | Noticed a +3 hand axe of freezing
    84 | D        | Noticed a +1 long sword of draining
    84 | D        | Found a transporter.
    91 | D        | Mangled by a +1 long sword of draining

Illustrated notes

Levels and vault maps discovered:
D:        sprint_v [room_start, room_1, room_2, room_3, room_4, room_5, room_6,
          room_7, room_8, room_9, room_10, room_11, room_12, room_13, room_14,
          room_15, room_16, room_17, room_18, room_19, room_20, room_21,
          room_22, room_23, room_24, room_25, room_26, room_27]

Skill      XL: |  1  2 |
---------------+-------+-----
Maces & Flails | 7 8 |  8.1
Fighting       | 5 |  5.0
Armour         | 4 |  4.9
Shields        | 5 |  5.6

Action                   |  1- 3 |  4- 6 || total
-------------------------+-------+-------++-------
Melee: Great mace        |     5 |     5 ||    10
  Use: Potion            |     1 |     1 ||     2
Armor: Plate armour      |     1 |     5 ||     6
Block: Kite shield       |     5 |    12 ||    17
